Sasquatch vs Sewer Rats
Created - 23 février 2017 at 00:31
Goals
|
Sasquatch |
1 |
2 |
2 |
5 |
Sewer Rats |
2 |
0 |
1 |
3 |
|
Shots
|
Sasquatch |
8 |
14 |
11 |
33 |
Sewer Rats |
14 |
8 |
11 |
33 |
|
1st period
1. Sewer Rats , Ville Leino 34 (Peter Mueller, Mattias Ekholm) at 3:20
2. Sewer Rats , John Lammers 5 (Derek Dorsett, Joel Edmundson) at 17:45
3. Sasquatch , Josh Bailey 14 (Nick Leddy, Linus Omark) at 17:57
Penalties :
Stephane Da Costa (Gat) for Boarding (Minor) at 15:30
2nd period
4. Sasquatch , Nick Leddy 8 (Lars Eller, Linus Omark) at 4:10 (PP)
5. Sasquatch , Garnet Hathaway 9 (Lars Eller, D.J King) at 17:31
Penalties :
Mattias Ekholm (Tol) for Hooking (Minor) at 4:01, Brock Trotter (Gat) for Hooking (Minor) at 9:42
3rd period
6. Sasquatch , D.J King 11 (Lars Eller, Jonathan Blum) at 0:40
7. Sewer Rats , Vojtech Polak 21 (Jared Boll) at 5:54
8. Sasquatch , Yann Sauvé 2 (Linus Omark, Andrej Sustr) at 19:00
Penalties :
Derek Dorsett (Tol) for Tripping (Minor) at 15:40
Goalie Stats
Corey Crawford (Gat), 30 saves from 33 shots - (0,909), W, 22-5-1, 60:00 minutes
Richard Bachman (Tol), 28 saves from 33 shots - (0,848), L, 18-19-1, 60:00 minutes
Players Stats for Sasquatch
Player Name G A P +/- PIM S H SB GA TA FO MP PP MP PK MP
------------------------------------------------------------------------------------
Andrej Sustr 0 1 1 -1 0 1 0 0 0 0 0/0 15:17 0:00 1:50
Brock Trotter 0 0 0 1 2 2 2 2 2 1 0/0 12:23 0:00 0:39
D.J King 1 1 2 1 0 2 2 1 0 0 1/2 18:01 0:59 1:57
Drew Shore 0 0 0 0 0 1 0 0 0 2 2/5 11:09 0:00 1:49
Garnet Hathaway 1 0 1 1 0 1 0 0 0 1 0/0 15:12 0:00 0:00
James Wisniewski 0 0 0 2 0 1 2 0 1 2 0/0 19:13 0:56 1:50
Jason Akeson 0 0 0 1 0 1 1 0 2 0 0/0 19:19 1:09 0:00
Jesper Fast 0 0 0 -1 0 4 1 0 0 0 1/1 8:46 0:00 0:00
Jonathan Blum 0 1 1 2 0 0 3 1 0 2 0/0 22:15 1:12 1:59
Josh Bailey 1 0 1 1 0 1 2 1 1 0 16/33 18:40 0:00 0:31
Lars Eller 0 3 3 1 0 2 1 1 1 0 4/7 16:41 1:09 0:40
Linus Omark 0 3 3 2 0 7 5 1 1 0 0/1 20:56 1:09 1:24
Nick Leddy 1 1 2 0 0 5 1 1 0 0 0/0 25:39 1:12 0:09
Ryan Strome 0 0 0 -1 0 1 0 0 0 0 0/0 12:16 0:59 0:00
Stephane Da Costa 0 0 0 -1 2 0 1 0 0 0 3/10 13:06 0:59 0:47
Teemu Hartikainen 0 0 0 -2 0 1 0 0 1 0 0/0 9:31 0:00 0:09
Yann Sauvé 1 0 1 0 0 3 1 1 0 0 0/0 22:58 0:00 2:08
Yannick Weber 0 0 0 -1 0 0 0 0 0 0 0/0 14:38 0:56 0:00
Players Stats for Sewer Rats
Player Name G A P +/- PIM S H SB GA TA FO MP PP MP PK MP
------------------------------------------------------------------------------------
Daniel Carr 0 0 0 0 0 0 0 0 0 0 0/0 0:38 0:00 0:26
Derek Dorsett 0 1 1 1 2 1 3 0 0 1 0/1 12:34 0:00 0:00
Evan Brophey 0 0 0 -1 0 0 0 0 0 0 2/4 7:20 0:00 0:00
Jared Boll 0 1 1 0 0 2 3 0 1 0 1/1 18:43 2:03 0:00
Jarred Tinordi 0 0 0 0 0 1 2 2 0 0 0/0 10:29 0:00 0:00
Joel Edmundson 0 1 1 1 0 0 1 0 0 0 0/0 6:36 0:00 0:00
John Lammers 1 0 1 1 0 1 2 0 0 0 0/0 12:29 0:00 0:00
Jonathan Marchessault 0 0 0 1 0 2 0 1 0 0 3/4 12:29 0:00 0:00
Kyle Quincey 0 0 0 0 0 0 1 2 0 0 0/0 18:48 1:53 0:56
Kyle Turris 0 0 0 0 0 2 2 0 0 0 5/14 19:15 2:03 0:26
Mark Mancari 0 0 0 -1 0 3 1 0 3 1 1/2 19:43 1:55 0:26
Matt Lashoff 0 0 0 -2 0 2 0 2 1 2 0/0 24:07 2:05 1:12
Mattias Ekholm 0 1 1 0 2 2 1 0 0 0 0/0 10:28 0:00 0:00
Nick Cousins 0 0 0 0 0 0 0 0 0 0 0/0 0:00 0:00 0:00
Patrick Bordeleau 0 0 0 -1 0 0 1 0 0 1 0/0 7:20 0:00 0:00
Peter Mueller 0 1 1 -1 0 3 1 2 0 1 15/27 20:18 1:55 1:16
Richard Jackman 0 0 0 -2 0 1 2 2 1 0 0/0 24:07 2:05 1:12
Ryan Murphy 0 0 0 1 0 0 0 0 0 0 0/0 6:36 0:00 0:00
Steven Kampfer 0 0 0 0 0 2 0 1 0 1 0/0 18:48 1:53 0:56
Tom Sestito 0 0 0 0 0 0 0 0 0 0 0/0 2:47 0:21 0:00
Ville Leino 1 0 1 -2 0 6 1 3 2 2 3/4 24:54 1:34 1:16
Vincent Trocheck 0 0 0 0 0 0 0 0 0 0 0/0 0:38 0:00 0:26
Vojtech Polak 1 0 1 0 0 5 1 0 0 0 2/2 18:43 2:03 0:00
William Karlsson 0 0 0 0 0 0 0 0 0 0 0/0 0:00 0:00 0:00
3 Stars
1 - Linus Omark (Gat)
2 - D.J King (Gat)
3 - Lars Eller (Gat)
Power Play
Sasquatch - 1 on 2 Attempt(s) - 50,00%
Sewer Rats - 0 on 2 Attempt(s) - 0,00%
Penalty Kill
Sasquatch - 2 on 2 Attempt(s) - 100,00%
- Score 0 goal in Penalty Kill
Sewer Rats - 1 on 2 Attempt(s) - 50,00%
- Score 0 goal in Penalty Kill
Team Stat
Sasquatch - Hits : 22 - Faceoff Wins : 27 - Blocked Shots : 9 - Penalty Minutes : 4
Sewer Rats - Hits : 22 - Faceoff Wins : 32 - Blocked Shots : 15 - Penalty Minutes : 4
Official
Referees : Furlatt Eric and Kowal Tom
Linesman : Brad Kovachik and Brad Lazarowich
Game Notes
No Game Note
Finance
Level 1 -- Attendance: 1468 (73,40%) -- Ticket Income 44 040 $
Level 2 -- Attendance: 790 (79,00%) -- Ticket Income 9 480 $
Total Attendance: 2258 (75,27%)
Total Ticket Income: 53 520 $
Other Income: 2 676 $
Total Income: 56 196 $
Sasquatch
5 vs 5 Forward
Center Left Wing Right Wing Time % Phy DF OF
1 Josh Bailey Linus Omark Jason Akeson 40 1 2 2
2 Lars Eller D.J King Garnet Hathaway 30 1 2 2
3 Stephane Da Costa Brock Trotter Ryan Strome 20 1 2 2
4 Drew Shore Teemu Hartikainen Jesper Fast 10 1 2 2
5 vs 5 Defense
Defense Defense Time % Phy DF OF
1 Nick Leddy Yann Sauvé 40 1 2 2
2 James Wisniewski Jonathan Blum 30 1 2 2
3 Andrej Sustr Yannick Weber 20 1 2 2
4 Jonathan Blum Nick Leddy 10 1 2 2
PowerPlay Forward
Center Left Wing Right Wing Time % Phy DF OF
1 Lars Eller Linus Omark Jason Akeson 60 1 2 2
2 Stephane Da Costa D.J King Ryan Strome 40 1 2 2
PowerPlay Defense
Defense Defense Time % Phy DF OF
1 Nick Leddy Jonathan Blum 60 1 2 2
2 Yannick Weber James Wisniewski 40 1 2 2
Penalty Kill 4 Players Forward
Center Wing Time % Phy DF OF
1 Drew Shore D.J King 60 1 2 2
2 Lars Eller Linus Omark 40 1 2 2
Penalty Kill 4 Players Defense
Defense Defense Time % Phy DF OF
1 Jonathan Blum Yann Sauvé 60 1 2 2
2 James Wisniewski Andrej Sustr 40 1 2 2
Penalty Kill - 3 Players Forward
Forward Time % Phy DF OF
1 Lars Eller 60 1 2 2
2 Drew Shore 40 1 2 2
Penalty Kill - 3 Players Defense
Defense Defense Time % Phy DF OF
1 Yann Sauvé Andrej Sustr 60 1 2 2
2 James Wisniewski Jonathan Blum 40 1 2 2
4 vs 4 Forward
Center Wing Time % Phy DF OF
1 Josh Bailey D.J King 60 1 2 2
2 Stephane Da Costa Linus Omark 40 1 2 2
4 vs 4 Defense
Defense Defense Time % Phy DF OF
1 Yann Sauvé Nick Leddy 60 1 2 2
2 Yannick Weber Jonathan Blum 40 1 2 2
Last Minutes Offensive
Center Left Wing Right Wing Defense Defense
Stephane Da Costa Linus Omark Jason Akeson Nick Leddy Jonathan Blum
Last Minutes Defensive
Center Left Wing Right Wing Defense Defense
Drew Shore Linus Omark D.J King James Wisniewski Yann Sauvé
Goaltenders
Starting : Corey Crawford
Backup : Jake Allen
Extra Forwards
Normal : Teemu Hartikainen, Drew Shore, Brock Trotter - PP : Josh Bailey, Linus Omark - PK : Brock Trotter
Extra Defensemen
Normal : Jonathan Blum, Yannick Weber, James Wisniewski - PP : Andrej Sustr - PK : Nick Leddy, Yannick Weber
Penalty Shots
Linus Omark, Lars Eller, Jason Akeson, Ryan Strome, James Wisniewski
Sewer Rats
5 vs 5 Forward
Center Left Wing Right Wing Time % Phy DF OF
1 Peter Mueller Ville Leino Mark Mancari 40 1 2 2
2 Kyle Turris Vojtech Polak Jared Boll 30 1 2 2
3 Jonathan Marchessault John Lammers Derek Dorsett 20 1 2 2
4 Evan Brophey Patrick Bordeleau Ville Leino 10 1 2 2
5 vs 5 Defense
Defense Defense Time % Phy DF OF
1 Richard Jackman Matt Lashoff 40 1 2 2
2 Kyle Quincey Steven Kampfer 30 1 2 2
3 Mattias Ekholm Jarred Tinordi 20 1 2 2
4 Joel Edmundson Ryan Murphy 10 1 2 2
PowerPlay Forward
Center Left Wing Right Wing Time % Phy DF OF
1 Peter Mueller Ville Leino Mark Mancari 60 1 2 2
2 Kyle Turris Vojtech Polak Jared Boll 40 1 2 2
PowerPlay Defense
Defense Defense Time % Phy DF OF
1 Richard Jackman Matt Lashoff 60 1 2 2
2 Kyle Quincey Steven Kampfer 40 1 2 2
Penalty Kill 4 Players Forward
Center Wing Time % Phy DF OF
1 Ville Leino Peter Mueller 60 1 2 2
2 Mark Mancari Kyle Turris 40 1 2 2
Penalty Kill 4 Players Defense
Defense Defense Time % Phy DF OF
1 Richard Jackman Matt Lashoff 60 1 2 2
2 Kyle Quincey Steven Kampfer 40 1 2 2
Penalty Kill - 3 Players Forward
Forward Time % Phy DF OF
1 Ville Leino 60 1 2 2
2 Peter Mueller 40 1 2 2
Penalty Kill - 3 Players Defense
Defense Defense Time % Phy DF OF
1 Richard Jackman Matt Lashoff 60 1 2 2
2 Kyle Quincey Steven Kampfer 40 1 2 2
4 vs 4 Forward
Center Wing Time % Phy DF OF
1 Ville Leino Peter Mueller 60 1 2 2
2 Mark Mancari Kyle Turris 40 1 2 2
4 vs 4 Defense
Defense Defense Time % Phy DF OF
1 Richard Jackman Matt Lashoff 60 1 2 2
2 Kyle Quincey Steven Kampfer 40 1 2 2
Last Minutes Offensive
Center Left Wing Right Wing Defense Defense
Peter Mueller Ville Leino Mark Mancari Richard Jackman Matt Lashoff
Last Minutes Defensive
Center Left Wing Right Wing Defense Defense
Peter Mueller Ville Leino Mark Mancari Richard Jackman Matt Lashoff
Goaltenders
Starting : Richard Bachman
Backup : Brad Thiessen
Extra Forwards
Normal : Tom Sestito, Daniel Carr, Vincent Trocheck - PP : Tom Sestito, Daniel Carr - PK : Vincent Trocheck
Extra Defensemen
Normal : Mattias Ekholm, Jarred Tinordi, Joel Edmundson - PP : Mattias Ekholm - PK : Jarred Tinordi, Joel Edmundson
Penalty Shots
Ville Leino, Peter Mueller, Mark Mancari, Kyle Turris, Vojtech Polak
% Time on Ice - Sasquatch
Lines # - Real PCT - Wanted PCT - Time Play
Normal Forward
1 - 34% - 40% - 18:14
2 - 29% - 30% - 15:24
3 - 21% - 20% - 11:17
4 - 16% - 10% - 8:46
Normal Defense
1 - 38% - 40% - 20:40
2 - 30% - 30% - 16:03
3 - 25% - 20% - 13:20
4 - 7% - 10% - 3:38
PP Forward
1 - 54% - 60% - 1:09
2 - 46% - 40% - 0:59
PP Defense
1 - 56% - 60% - 1:12
2 - 44% - 40% - 0:56
PK Forward
1 - 83% - 60% - 3:18
2 - 17% - 40% - 0:40
PK Defense
1 - 54% - 60% - 2:08
2 - 46% - 40% - 1:50
PK3 Forward
1 - 0% - 60%
2 - 0% - 40%
PK3 Defense
1 - 0% - 60%
2 - 0% - 40%
44 Forward
1 - 0% - 60%
2 - 0% - 40%
44 Defense
1 - 0% - 60%
2 - 0% - 40%
Last Minute Offensive - 0:00
Last Minute Defensive - 0:13
Total
Forward - 60:00
Defense - 60:00
|
% Time on Ice - Sewer Rats
Lines # - Real PCT - Wanted PCT - Time Play
Normal Forward
1 - 32% - 40% - 16:58
2 - 32% - 30% - 16:58
3 - 23% - 20% - 12:29
4 - 14% - 10% - 7:20
Normal Defense
1 - 38% - 40% - 20:41
2 - 30% - 30% - 15:59
3 - 20% - 20% - 10:29
4 - 12% - 10% - 6:36
PP Forward
1 - 48% - 60% - 1:55
2 - 52% - 40% - 2:03
PP Defense
1 - 53% - 60% - 2:05
2 - 47% - 40% - 1:53
PK Forward
1 - 80% - 60% - 1:42
2 - 20% - 40% - 0:26
PK Defense
1 - 56% - 60% - 1:12
2 - 44% - 40% - 0:56
PK3 Forward
1 - 0% - 60%
2 - 0% - 40%
PK3 Defense
1 - 0% - 60%
2 - 0% - 40%
44 Forward
1 - 0% - 60%
2 - 0% - 40%
44 Defense
1 - 0% - 60%
2 - 0% - 40%
Last Minute Offensive - 0:09
Last Minute Defensive - 0:00
Total
Forward - 60:00
Defense - 60:00
|
Play by Play
1st period
0:01 of 1st period - Josh Bailey wins face-off versus Peter Mueller in neutral zone.
1:21 of 1st period - Wrist shot by Stephane Da Costa.
1:21 of 1st period - Shot Misses the Net.
1:23 of 1st period - Backhand shot by James Wisniewski.
1:23 of 1st period - Stopped by Richard Bachman without a rebound.
1:24 of 1st period - Kyle Turris wins face-off versus Josh Bailey in Sewer Rats zone.
1:35 of 1st period - Wrist shot by Vojtech Polak.
1:35 of 1st period - Stopped by Corey Crawford with a rebound.
2:24 of 1st period - Icing by Drew Shore.
2:25 of 1st period - Josh Bailey wins face-off versus Jonathan Marchessault in Sasquatch zone.
3:20 of 1st period - Wrist shot by Ville Leino.
3:20 of 1st period - Goal by Ville Leino - Sasquatch : 0 - Sewer Rats : 1.
3:21 of 1st period - Ville Leino wins face-off versus Josh Bailey in neutral zone.
3:32 of 1st period - Snap shot by Mark Mancari.
3:32 of 1st period - Shot Misses the Net.
3:34 of 1st period - Snap shot by Peter Mueller.
3:34 of 1st period - Stopped by Corey Crawford without a rebound.
3:35 of 1st period - Peter Mueller wins face-off versus Stephane Da Costa in Sasquatch zone.
3:38 of 1st period - Snap shot by Peter Mueller.
3:38 of 1st period - Stopped by Corey Crawford without a rebound.
3:39 of 1st period - Stephane Da Costa wins face-off versus Peter Mueller in Sasquatch zone.
4:34 of 1st period - Snap shot by Lars Eller.
4:34 of 1st period - Shot Misses the Net.
4:52 of 1st period - Slapshot by Ville Leino.
4:52 of 1st period - Stopped by Corey Crawford with a rebound.
4:54 of 1st period - Slapshot by Mattias Ekholm.
4:54 of 1st period - Stopped by Corey Crawford without a rebound.
4:55 of 1st period - Evan Brophey wins face-off versus Josh Bailey in Sasquatch zone.
4:56 of 1st period - Wrist shot by Ville Leino.
4:56 of 1st period - Stopped by Corey Crawford without a rebound.
4:57 of 1st period - Josh Bailey wins face-off versus Peter Mueller in Sasquatch zone.
5:32 of 1st period - Wrist shot by Lars Eller.
5:32 of 1st period - Stopped by Richard Bachman with a rebound.
5:48 of 1st period - Wrist shot by Stephane Da Costa.
5:48 of 1st period - Deflect By Brock Trotter.
5:48 of 1st period - Stopped by Richard Bachman without a rebound.
5:49 of 1st period - Jonathan Marchessault wins face-off versus Stephane Da Costa in Sewer Rats zone.
6:00 of 1st period - Wrist shot by Stephane Da Costa.
6:00 of 1st period - Deflect By Brock Trotter.
6:00 of 1st period - Shot Blocked by Jonathan Marchessault.
6:00 of 1st period - Puck is out of play.
6:01 of 1st period - Josh Bailey wins face-off versus Peter Mueller in Sewer Rats zone.
6:48 of 1st period - Off-side.
6:49 of 1st period - Evan Brophey wins face-off versus Drew Shore in neutral zone.
7:14 of 1st period - Josh Bailey is hit by Vojtech Polak and loses puck.
7:23 of 1st period - Snap shot by Linus Omark.
7:23 of 1st period - Stopped by Richard Bachman without a rebound.
7:24 of 1st period - Stephane Da Costa wins face-off versus Peter Mueller in Sewer Rats zone.
7:54 of 1st period - Snap shot by Mark Mancari.
7:54 of 1st period - Stopped by Corey Crawford without a rebound.
7:55 of 1st period - Lars Eller wins face-off versus Kyle Turris in Sasquatch zone.
9:07 of 1st period - Wrist shot by Kyle Turris.
9:07 of 1st period - Stopped by Corey Crawford with a rebound.
10:36 of 1st period - Yannick Weber is hit by Derek Dorsett and loses puck.
11:13 of 1st period - Steven Kampfer is hit by Linus Omark.
11:49 of 1st period - Yannick Weber is hit by Joel Edmundson and loses puck.
12:26 of 1st period - Icing by Garnet Hathaway.
12:27 of 1st period - Peter Mueller wins face-off versus Lars Eller in Sasquatch zone.
13:23 of 1st period - Wrist shot by Jared Boll.
13:23 of 1st period - Stopped by Corey Crawford with a rebound.
13:30 of 1st period - Icing by Nick Leddy.
13:31 of 1st period - Drew Shore wins face-off versus Evan Brophey in Sasquatch zone.
13:36 of 1st period - Slapshot by Nick Leddy.
13:36 of 1st period - Stopped by Richard Bachman without a rebound.
13:37 of 1st period - Jesper Fast wins face-off versus Evan Brophey in Sewer Rats zone.
14:00 of 1st period - Snap shot by Ville Leino.
14:00 of 1st period - Shot Misses the Net.
14:32 of 1st period - Wrist shot by Drew Shore.
14:32 of 1st period - Shot Blocked by Ville Leino.
14:38 of 1st period - Slapshot by Steven Kampfer.
14:38 of 1st period - Stopped by Corey Crawford without a rebound.
14:39 of 1st period - Vojtech Polak wins face-off versus Josh Bailey in Sasquatch zone.
15:30 of 1st period - Minor Penalty to Stephane Da Costa for Boarding.
15:31 of 1st period - Peter Mueller wins face-off versus Drew Shore in Sasquatch zone.
16:01 of 1st period - Wrist shot by Vojtech Polak.
16:01 of 1st period - Shot Blocked by D.J King.
16:03 of 1st period - Backhand shot by Jared Boll.
16:03 of 1st period - Shot Misses the Net.
16:22 of 1st period - Snap shot by Linus Omark.
16:22 of 1st period - Shot Misses the Net.
16:30 of 1st period - Yann Sauvé is hit by Kyle Turris and loses puck.
17:30 of 1st period - Penalty to Stephane Da Costa is over, Stephane Da Costa is back on ice.
17:45 of 1st period - Slapshot by John Lammers.
17:45 of 1st period - Goal by John Lammers - Sasquatch : 0 - Sewer Rats : 2.
17:46 of 1st period - Josh Bailey wins face-off versus Mark Mancari in neutral zone.
17:53 of 1st period - Snap shot by Linus Omark.
17:53 of 1st period - Shot Misses the Net.
17:55 of 1st period - Slapshot by Nick Leddy.
17:55 of 1st period - Shot Blocked by Matt Lashoff.
17:57 of 1st period - Wrist shot by Josh Bailey.
17:57 of 1st period - Goal by Josh Bailey - Sasquatch : 1 - Sewer Rats : 2.
17:58 of 1st period - Josh Bailey wins face-off versus Peter Mueller in neutral zone.
18:05 of 1st period - Snap shot by Mark Mancari.
18:05 of 1st period - Stopped by Corey Crawford without a rebound.
18:06 of 1st period - Peter Mueller wins face-off versus Josh Bailey in Sasquatch zone.
18:07 of 1st period - Backhand shot by Ville Leino.
18:07 of 1st period - Shot Misses the Net.
18:09 of 1st period - Wrist shot by Matt Lashoff.
18:09 of 1st period - Stopped by Corey Crawford with a rebound.
18:11 of 1st period - Backhand shot by Peter Mueller.
18:11 of 1st period - Shot Blocked by Josh Bailey.
18:33 of 1st period - Slapshot by Vojtech Polak.
18:33 of 1st period - Shot Misses the Net.
19:29 of 1st period - Snap shot by Jesper Fast.
19:29 of 1st period - Stopped by Richard Bachman with a rebound.
19:31 of 1st period - Snap shot by Teemu Hartikainen.
19:31 of 1st period - Stopped by Richard Bachman without a rebound.
19:32 of 1st period - Drew Shore wins face-off versus Kyle Turris in Sewer Rats zone.
19:59 of 1st period - Ville Leino is hit by Linus Omark and loses puck.
Goals for this period are 1 for Sasquatch vs 2 for Sewer Rats.
Shots for this period are 8 for Sasquatch vs 14 for Sewer Rats.
2nd period
0:01 of 2nd period - Josh Bailey wins face-off versus Peter Mueller in neutral zone.
0:06 of 2nd period - Slapshot by Nick Leddy.
0:06 of 2nd period - Stopped by Richard Bachman with a rebound.
0:08 of 2nd period - Slapshot by Nick Leddy.
0:08 of 2nd period - Shot Blocked by Richard Jackman.
0:10 of 2nd period - Backhand shot by Nick Leddy.
0:10 of 2nd period - Shot Blocked by Richard Jackman.
0:12 of 2nd period - Snap shot by Linus Omark.
0:12 of 2nd period - Shot Hit the Post.
0:14 of 2nd period - Snap shot by Yann Sauvé.
0:14 of 2nd period - Deflect By Peter Mueller.
0:14 of 2nd period - Stopped by Richard Bachman with a rebound.
0:16 of 2nd period - Wrist shot by Linus Omark.
0:16 of 2nd period - Stopped by Richard Bachman without a rebound.
0:17 of 2nd period - Kyle Turris wins face-off versus Lars Eller in Sewer Rats zone.
0:45 of 2nd period - Icing by Nick Leddy.
0:46 of 2nd period - Mark Mancari wins face-off versus Josh Bailey in Sasquatch zone.
0:47 of 2nd period - Slapshot by Ville Leino.
0:47 of 2nd period - Shot Misses the Net.
0:55 of 2nd period - Wrist shot by Nick Leddy.
0:55 of 2nd period - Deflect By Richard Jackman.
0:55 of 2nd period - Stopped by Richard Bachman with a rebound.
0:57 of 2nd period - Wrist shot by Jason Akeson.
0:57 of 2nd period - Shot Misses the Net.
0:59 of 2nd period - Wrist shot by Jason Akeson.
0:59 of 2nd period - Stopped by Richard Bachman without a rebound.
1:00 of 2nd period - Peter Mueller wins face-off versus Josh Bailey in Sewer Rats zone.
1:25 of 2nd period - Vojtech Polak is hit by James Wisniewski and loses puck.
1:32 of 2nd period - Snap shot by Mattias Ekholm.
1:32 of 2nd period - Stopped by Corey Crawford without a rebound.
1:33 of 2nd period - Peter Mueller wins face-off versus Josh Bailey in Sasquatch zone.
1:40 of 2nd period - Linus Omark is hit by Richard Jackman and loses puck.
1:56 of 2nd period - Icing by Linus Omark.
1:57 of 2nd period - Josh Bailey wins face-off versus Kyle Turris in Sasquatch zone.
2:01 of 2nd period - Off-side.
2:02 of 2nd period - Lars Eller wins face-off versus Kyle Turris in neutral zone.
2:13 of 2nd period - Wrist shot by Kyle Turris.
2:13 of 2nd period - Stopped by Corey Crawford with a rebound.
2:15 of 2nd period - Slapshot by Steven Kampfer.
2:15 of 2nd period - Stopped by Corey Crawford without a rebound.
2:16 of 2nd period - Josh Bailey wins face-off versus Peter Mueller in Sasquatch zone.
2:43 of 2nd period - Matt Lashoff is hit by Nick Leddy and loses puck.
3:27 of 2nd period - Snap shot by Drew Shore.
3:27 of 2nd period - Shot Misses the Net.
3:48 of 2nd period - Off-side.
3:49 of 2nd period - Kyle Turris wins face-off versus Josh Bailey in neutral zone.
3:56 of 2nd period - Wrist shot by Linus Omark.
3:56 of 2nd period - Deflect By Kyle Turris.
3:56 of 2nd period - Shot Misses the Net.
3:56 of 2nd period - Puck is out of play.
3:57 of 2nd period - Josh Bailey wins face-off versus Peter Mueller in Sewer Rats zone.
4:01 of 2nd period - Minor Penalty to Mattias Ekholm for Hooking.
4:02 of 2nd period - Lars Eller wins face-off versus Ville Leino in Sewer Rats zone.
4:06 of 2nd period - Snap shot by Lars Eller.
4:06 of 2nd period - Shot Misses the Net.
4:08 of 2nd period - Slapshot by Nick Leddy.
4:08 of 2nd period - Stopped by Richard Bachman with a rebound.
4:10 of 2nd period - Slapshot by Nick Leddy.
4:10 of 2nd period - Deflect By Ville Leino.
4:10 of 2nd period - Goal by Nick Leddy - Sasquatch : 2 - Sewer Rats : 2.
4:11 of 2nd period - Peter Mueller wins face-off versus Josh Bailey in neutral zone.
4:14 of 2nd period - Jason Akeson is hit by Ville Leino and loses puck.
4:21 of 2nd period - Yann Sauvé is hit by Mark Mancari.
4:45 of 2nd period - Slapshot by Richard Jackman.
4:45 of 2nd period - Shot Blocked by Lars Eller.
4:47 of 2nd period - Slapshot by Matt Lashoff.
4:47 of 2nd period - Stopped by Corey Crawford without a rebound.
4:48 of 2nd period - Josh Bailey wins face-off versus Derek Dorsett in Sasquatch zone.
4:48 of 2nd period - Josh Bailey is hit by Derek Dorsett.
5:42 of 2nd period - Jonathan Blum is hit by Kyle Turris and loses puck.
5:57 of 2nd period - Jonathan Blum is hit by John Lammers.
6:05 of 2nd period - Snap shot by Jonathan Marchessault.
6:05 of 2nd period - Shot Blocked by Yann Sauvé.
6:39 of 2nd period - Snap shot by Jared Boll.
6:39 of 2nd period - Stopped by Corey Crawford with a rebound.
6:41 of 2nd period - Wrist shot by Kyle Turris.
6:41 of 2nd period - Shot Misses the Net.
6:43 of 2nd period - Snap shot by Kyle Turris.
6:43 of 2nd period - Shot Misses the Net.
6:59 of 2nd period - Derek Dorsett is hit by Jesper Fast and loses puck.
7:21 of 2nd period - Mark Mancari is hit by Linus Omark and loses puck.
8:21 of 2nd period - Wrist shot by Linus Omark.
8:21 of 2nd period - Shot Blocked by Matt Lashoff.
8:33 of 2nd period - Snap shot by Ville Leino.
8:33 of 2nd period - Stopped by Corey Crawford with a rebound.
8:49 of 2nd period - Mattias Ekholm is hit by D.J King and loses puck.
9:42 of 2nd period - Minor Penalty to Brock Trotter for Hooking.
9:43 of 2nd period - D.J King wins face-off versus Kyle Turris in Sasquatch zone.
9:47 of 2nd period - Slapshot by Yann Sauvé.
9:47 of 2nd period - Stopped by Richard Bachman with a rebound.
9:49 of 2nd period - Wrist shot by Drew Shore.
9:49 of 2nd period - Stopped by Richard Bachman with a rebound.
9:51 of 2nd period - Slapshot by Jonathan Blum.
9:51 of 2nd period - Shot Misses the Net.
9:53 of 2nd period - Wrist shot by Drew Shore.
9:53 of 2nd period - Shot Misses the Net.
10:09 of 2nd period - D.J King is hit by Richard Jackman and loses puck.
11:42 of 2nd period - Penalty to Brock Trotter is over, Brock Trotter is back on ice.
13:35 of 2nd period - Mark Mancari is hit by Brock Trotter and loses puck.
14:33 of 2nd period - Snap shot by Peter Mueller.
14:33 of 2nd period - Stopped by Corey Crawford without a rebound.
14:34 of 2nd period - Peter Mueller wins face-off versus Stephane Da Costa in Sasquatch zone.
14:56 of 2nd period - Snap shot by Peter Mueller.
14:56 of 2nd period - Deflect By Mark Mancari.
14:56 of 2nd period - Shot Blocked by Jonathan Blum.
14:56 of 2nd period - Puck is out of play.
14:57 of 2nd period - Kyle Turris wins face-off versus Josh Bailey in Sasquatch zone.
14:58 of 2nd period - Wrist shot by Vojtech Polak.
14:58 of 2nd period - Stopped by Corey Crawford with a rebound.
15:00 of 2nd period - Slapshot by Richard Jackman.
15:00 of 2nd period - Deflect By Kyle Turris.
15:00 of 2nd period - Shot Misses the Net.
15:00 of 2nd period - Puck is out of play.
15:01 of 2nd period - Josh Bailey wins face-off versus Kyle Turris in Sasquatch zone.
16:06 of 2nd period - Teemu Hartikainen is hit by Patrick Bordeleau and loses puck.
16:27 of 2nd period - James Wisniewski is hit by Jared Boll and loses puck.
16:46 of 2nd period - Jonathan Blum is hit by Jarred Tinordi and loses puck.
16:59 of 2nd period - Jonathan Blum is hit by Mattias Ekholm and loses puck.
17:31 of 2nd period - Wrist shot by Lars Eller.
17:31 of 2nd period - Deflect By Garnet Hathaway.
17:31 of 2nd period - Goal by Garnet Hathaway - Sasquatch : 3 - Sewer Rats : 2.
17:32 of 2nd period - Josh Bailey wins face-off versus Kyle Turris in neutral zone.
17:35 of 2nd period - Matt Lashoff is hit by Josh Bailey and loses puck.
17:42 of 2nd period - Josh Bailey is hit by Jared Boll and loses puck.
18:03 of 2nd period - Off-side.
18:04 of 2nd period - Peter Mueller wins face-off versus Stephane Da Costa in neutral zone.
18:15 of 2nd period - Slapshot by Brock Trotter.
18:15 of 2nd period - Stopped by Richard Bachman with a rebound.
18:17 of 2nd period - Slapshot by Yannick Weber.
18:17 of 2nd period - Shot Blocked by Steven Kampfer.
18:19 of 2nd period - Backhand shot by Andrej Sustr.
18:19 of 2nd period - Deflect By Ryan Strome.
18:19 of 2nd period - Stopped by Richard Bachman with a rebound.
18:21 of 2nd period - Slapshot by Andrej Sustr.
18:21 of 2nd period - Shot Blocked by Peter Mueller.
18:23 of 2nd period - Snap shot by Brock Trotter.
18:23 of 2nd period - Shot Misses the Net.
18:31 of 2nd period - Peter Mueller is hit by Brock Trotter and loses puck.
18:54 of 2nd period - Wrist shot by Stephane Da Costa.
18:54 of 2nd period - Shot Misses the Net.
18:56 of 2nd period - Wrist shot by Stephane Da Costa.
18:56 of 2nd period - Shot Misses the Net.
18:58 of 2nd period - Slapshot by Brock Trotter.
18:58 of 2nd period - Shot Blocked by Kyle Quincey.
19:00 of 2nd period - Wrist shot by Stephane Da Costa.
19:00 of 2nd period - Deflect By Mark Mancari.
19:00 of 2nd period - Shot Misses the Net.
19:00 of 2nd period - Puck is out of play.
19:01 of 2nd period - Josh Bailey wins face-off versus Kyle Turris in Sewer Rats zone.
19:02 of 2nd period - Snap shot by Linus Omark.
19:02 of 2nd period - Stopped by Richard Bachman with a rebound.
19:33 of 2nd period - Snap shot by Lars Eller.
19:33 of 2nd period - Stopped by Richard Bachman with a rebound.
Goals for this period are 2 for Sasquatch vs 0 for Sewer Rats.
Shots for this period are 14 for Sasquatch vs 8 for Sewer Rats.
3rd period
0:01 of 3rd period - Peter Mueller wins face-off versus Linus Omark in neutral zone.
0:16 of 3rd period - Wrist shot by Ville Leino.
0:16 of 3rd period - Stopped by Corey Crawford with a rebound.
0:40 of 3rd period - Slapshot by D.J King.
0:40 of 3rd period - Goal by D.J King - Sasquatch : 4 - Sewer Rats : 2.
0:41 of 3rd period - Peter Mueller wins face-off versus Josh Bailey in neutral zone.
0:50 of 3rd period - Snap shot by Mark Mancari.
0:50 of 3rd period - Deflect By Nick Leddy.
0:50 of 3rd period - Shot Misses the Net.
0:50 of 3rd period - Puck is out of play.
0:51 of 3rd period - Peter Mueller wins face-off versus Josh Bailey in Sasquatch zone.
1:07 of 3rd period - Kyle Quincey is hit by Yann Sauvé and loses puck.
1:21 of 3rd period - Wrist shot by Linus Omark.
1:21 of 3rd period - Stopped by Richard Bachman with a rebound.
1:23 of 3rd period - Slapshot by Nick Leddy.
1:23 of 3rd period - Shot Misses the Net.
1:25 of 3rd period - Snap shot by Linus Omark.
1:25 of 3rd period - Shot Misses the Net.
1:27 of 3rd period - Wrist shot by Linus Omark.
1:27 of 3rd period - Stopped by Richard Bachman without a rebound.
1:28 of 3rd period - Lars Eller wins face-off versus Kyle Turris in Sewer Rats zone.
1:37 of 3rd period - Wrist shot by D.J King.
1:37 of 3rd period - Stopped by Richard Bachman without a rebound.
1:38 of 3rd period - Kyle Turris wins face-off versus D.J King in Sewer Rats zone.
1:50 of 3rd period - Wrist shot by Vojtech Polak.
1:50 of 3rd period - Stopped by Corey Crawford without a rebound.
1:51 of 3rd period - Peter Mueller wins face-off versus Josh Bailey in Sasquatch zone.
2:16 of 3rd period - D.J King is hit by Derek Dorsett and loses puck.
2:47 of 3rd period - Off-side.
2:48 of 3rd period - Josh Bailey wins face-off versus Peter Mueller in neutral zone.
2:57 of 3rd period - Wrist shot by Linus Omark.
2:57 of 3rd period - Stopped by Richard Bachman with a rebound.
2:59 of 3rd period - Wrist shot by Jason Akeson.
2:59 of 3rd period - Deflect By Josh Bailey.
2:59 of 3rd period - Shot Blocked by Ville Leino.
2:59 of 3rd period - Puck is out of play.
3:00 of 3rd period - Peter Mueller wins face-off versus Josh Bailey in Sewer Rats zone.
4:12 of 3rd period - Mattias Ekholm is hit by James Wisniewski and loses puck.
4:37 of 3rd period - Slapshot by Jason Akeson.
4:37 of 3rd period - Shot Blocked by Jarred Tinordi.
5:19 of 3rd period - D.J King is hit by John Lammers and loses puck.
5:24 of 3rd period - Slapshot by Derek Dorsett.
5:24 of 3rd period - Stopped by Corey Crawford without a rebound.
5:25 of 3rd period - Jonathan Marchessault wins face-off versus Josh Bailey in Sasquatch zone.
5:52 of 3rd period - Slapshot by Vojtech Polak.
5:52 of 3rd period - Stopped by Corey Crawford without a rebound.
5:53 of 3rd period - Jared Boll wins face-off versus Lars Eller in Sasquatch zone.
5:54 of 3rd period - Snap shot by Vojtech Polak.
5:54 of 3rd period - Goal by Vojtech Polak - Sasquatch : 4 - Sewer Rats : 3.
5:55 of 3rd period - Josh Bailey wins face-off versus Peter Mueller in neutral zone.
6:00 of 3rd period - Wrist shot by Linus Omark.
6:00 of 3rd period - Shot Blocked by Peter Mueller.
6:20 of 3rd period - Kyle Turris is hit by Lars Eller and loses puck.
6:48 of 3rd period - Derek Dorsett is hit by Stephane Da Costa and loses puck.
7:08 of 3rd period - Wrist shot by Jesper Fast.
7:08 of 3rd period - Stopped by Richard Bachman without a rebound.
7:09 of 3rd period - Peter Mueller wins face-off versus Drew Shore in Sewer Rats zone.
7:26 of 3rd period - Wrist shot by Jesper Fast.
7:26 of 3rd period - Shot Hit the Post.
7:28 of 3rd period - Wrist shot by Jesper Fast.
7:28 of 3rd period - Stopped by Richard Bachman with a rebound.
7:30 of 3rd period - Snap shot by Drew Shore.
7:30 of 3rd period - Shot Blocked by Jarred Tinordi.
7:32 of 3rd period - Slapshot by Andrej Sustr.
7:32 of 3rd period - Stopped by Richard Bachman with a rebound.
7:38 of 3rd period - Snap shot by Drew Shore.
7:38 of 3rd period - Shot Misses the Net.
7:40 of 3rd period - Snap shot by Jesper Fast.
7:40 of 3rd period - Stopped by Richard Bachman without a rebound.
7:41 of 3rd period - Vojtech Polak wins face-off versus Josh Bailey in Sewer Rats zone.
7:41 of 3rd period - Vojtech Polak is hit by Linus Omark.
8:31 of 3rd period - Wrist shot by Peter Mueller.
8:31 of 3rd period - Shot Blocked by Brock Trotter.
8:33 of 3rd period - Snap shot by Peter Mueller.
8:33 of 3rd period - Shot Misses the Net.
8:35 of 3rd period - Snap shot by Mark Mancari.
8:35 of 3rd period - Shot Misses the Net.
8:37 of 3rd period - Snap shot by Richard Jackman.
8:37 of 3rd period - Shot Blocked by Brock Trotter.
8:51 of 3rd period - Snap shot by Ville Leino.
8:51 of 3rd period - Stopped by Corey Crawford with a rebound.
9:19 of 3rd period - Snap shot by Kyle Turris.
9:19 of 3rd period - Shot Misses the Net.
9:21 of 3rd period - Snap shot by Jonathan Marchessault.
9:21 of 3rd period - Deflect By Lars Eller.
9:21 of 3rd period - Stopped by Corey Crawford with a rebound.
9:23 of 3rd period - Slapshot by Jarred Tinordi.
9:23 of 3rd period - Stopped by Corey Crawford with a rebound.
9:25 of 3rd period - Slapshot by Jonathan Marchessault.
9:25 of 3rd period - Stopped by Corey Crawford with a rebound.
10:13 of 3rd period - Ville Leino is hit by Linus Omark and loses puck.
11:05 of 3rd period - Snap shot by Peter Mueller.
11:05 of 3rd period - Shot Misses the Net.
12:21 of 3rd period - Yann Sauvé is hit by Kyle Quincey and loses puck.
12:34 of 3rd period - Derek Dorsett is hit by Jason Akeson.
12:38 of 3rd period - Jason Akeson is hit by Jarred Tinordi.
12:42 of 3rd period - Jarred Tinordi is hit by Jonathan Blum.
13:30 of 3rd period - Kyle Turris is hit by Josh Bailey.
14:00 of 3rd period - Slapshot by Andrej Sustr.
14:00 of 3rd period - Shot Blocked by Kyle Quincey.
14:12 of 3rd period - Yann Sauvé is hit by Peter Mueller and loses puck.
14:19 of 3rd period - Kyle Quincey is hit by Jonathan Blum.
14:29 of 3rd period - Mattias Ekholm is hit by D.J King and loses puck.
15:12 of 3rd period - Slapshot by Nick Leddy.
15:12 of 3rd period - Shot Misses the Net.
15:26 of 3rd period - Slapshot by Mark Mancari.
15:26 of 3rd period - Shot Blocked by Nick Leddy.
15:38 of 3rd period - Wrist shot by Josh Bailey.
15:38 of 3rd period - Shot Hit the Post.
15:40 of 3rd period - Minor Penalty to Derek Dorsett for Tripping.
15:41 of 3rd period - Ville Leino wins face-off versus Stephane Da Costa in Sewer Rats zone.
16:07 of 3rd period - Kyle Quincey is hit by Jonathan Blum.
17:19 of 3rd period - Icing by Nick Leddy.
17:20 of 3rd period - Ville Leino wins face-off versus Stephane Da Costa in Sasquatch zone.
17:35 of 3rd period - Slapshot by Kyle Quincey.
17:35 of 3rd period - Shot Blocked by Linus Omark.
17:40 of 3rd period - Penalty to Derek Dorsett is over, Derek Dorsett is back on ice.
18:38 of 3rd period - Slapshot by Mark Mancari.
18:38 of 3rd period - Stopped by Corey Crawford with a rebound.
18:54 of 3rd period - Slapshot by Linus Omark.
18:54 of 3rd period - Shot Misses the Net.
18:56 of 3rd period - Slapshot by Linus Omark.
18:56 of 3rd period - Stopped by Richard Bachman with a rebound.
18:58 of 3rd period - Snap shot by Yann Sauvé.
18:58 of 3rd period - Shot Blocked by Ville Leino.
19:00 of 3rd period - Slapshot by Yann Sauvé.
19:00 of 3rd period - Goal by Yann Sauvé - Sasquatch : 5 - Sewer Rats : 3.
19:01 of 3rd period - Stephane Da Costa wins face-off versus Peter Mueller in neutral zone.
19:12 of 3rd period - Slapshot by Richard Jackman.
19:12 of 3rd period - Stopped by Corey Crawford without a rebound.
19:13 of 3rd period - Jonathan Marchessault wins face-off versus Stephane Da Costa in Sasquatch zone.
19:38 of 3rd period - Nick Leddy is hit by Jared Boll and loses puck.
Goals for this period are 2 for Sasquatch vs 1 for Sewer Rats.
Shots for this period are 11 for Sasquatch vs 11 for Sewer Rats.
Back to the Top